 Dungeon Crawl Stone Soup version 0.17.1-1-g73c8601 (webtiles) character file.

81 Opium the Sneak (level 4, 0/33 HPs)
             Began as a Vampire Assassin on Dec 16, 2015.
             Slain by a gnoll (8 damage)
             ... on level 2 of the Dungeon on Dec 17, 2015.
             The game lasted 00:11:11 (1735 turns).

Opium the Sneak (Vampire Assassin)                  Turns: 1735, Time: 00:11:11

Health: 0/33       AC:  5    Str: 10    XL:     4   Next: 20%
Magic:  4/4        EV: 12    Int: 13    God:
Gold:   85         SH:  0    Dex: 16    Spells: 0 memorised, 3 levels left

rFire  . . .     SeeInvis +     a - +2 dagger
rCold  + . .     Clarity  .     c - +0 robe
rNeg   + + .     SustAt   .     (no shield)
rPois  +         Gourm    .     (no helmet)
rElec  .         Spirit   .     d - +0 cloak
rCorr  .         Warding  .     (no gloves)
rMut   .         Stasis   .     (no boots)
MR     .....                    (no amulet)
Stlth  ++++......               (no ring)
                                k - +2 ring of protection

@: regenerating slowly, not resistant to hostile enchantments, stealthy
A: fangs 3, see invisible, unbreathing
a: Bat Form


You were on level 2 of the Dungeon.
You were very thirsty.

You visited 1 branch of the dungeon, and saw 2 of its levels.

You collected 85 gold pieces.

Inventory:

Hand Weapons
 a - a +2 dagger (weapon)
 b - a +0 blowgun
 r - a +0 dagger of speed
Missiles
 e - 8 poisoned needles
 f - 10 curare-tipped needles
Armour
 c - a +0 robe (worn)
 d - a +0 cloak (worn)
 n - a +0 pair of boots
Jewellery
 k - a +2 ring of protection (left hand)
Scrolls
 m - a scroll of teleportation
 o - a scroll of fear {unknown}
 q - a scroll of enchant weapon {unknown}
 t - a scroll of noise {unknown}
Potions
 g - 11 potions of blood
 h - 2 potions of brilliance
 i - a potion of lignification {unknown}
 j - a potion of curing
 l - a potion of resistance {unknown}
 p - a potion of degeneration {unknown}


   Skills:
 + Level 2.1 Fighting
 + Level 2.6 Short Blades
 + Level 1.9 Throwing
 * Level 1.4 Dodging
 + Level 7.6 Stealth


You had 3 spell levels left.
You didn't know any spells.

Dungeon Overview and Level Annotations

Branches:
Dungeon (2/15)

Altars:


Innate Abilities, Weirdness & Mutations

You heal slowly.
You have razor-sharp teeth.
You have supernaturally acute eyesight.
You can survive without breathing.


Message History

The gnoll hits you.
You barely miss the gnoll.
The gnoll is moderately wounded.
The gnoll barely misses you.
You hit the gnoll. You bite the gnoll, but do no damage.
The gnoll is moderately wounded.
You hit the gnoll. Your bite misses the gnoll.
The gnoll is heavily wounded.
The gnoll hits you!
* * * LOW HITPOINT WARNING * * *
Drink which item? (? for menu, Esc to quit)
You feel better. The gnoll misses you.
You hit the gnoll but do no damage.
The gnoll is heavily wounded.
The gnoll hits you!
* * * LOW HITPOINT WARNING * * *
You hit the gnoll. Your bite misses the gnoll.
The gnoll is heavily wounded.
The gnoll hits you!
You die...

# #. ########
#.##################......#######
#..................'......†......
#......#####....%###..†...#.#####
#......#####.###@##.......#.#
#......'.....# #g##.......#.#
##.....#########.##.......#.#
#.....# #.....##...#####.#
#.....# #.######...# #.#
#.....#####.# ##### #.#
#†##+##.....# ##'#####
#†......###### #.......
##>...........# #.÷.....


You could see a gnoll.

Vanquished Creatures
  Ijyb (D:2)
  An adder (D:2)
  An ooze (D:1)
  5 giant geckos
  3 giant cockroaches
  2 hobgoblins
  3 jackals (D:2)
  3 kobolds
  2 ball pythons
  2 bats
  4 giant newts
  5 goblins
  8 rats
40 creatures vanquished.

Notes
Turn   | Place    | Note
--------------------------------------------------------------
     0 | D:1      | Opium the Vampire Assassin began the quest for the Orb.
     0 | D:1      | Reached XP level 1. HP: 16/16 MP: 1/1
    29 | D:1      | Reached skill level 6 in Stealth
   436 | D:1      | Reached XP level 2. HP: 22/22 MP: 2/2
  1207 | D:2      | Noticed Ijyb
  1284 | D:2      | Killed Ijyb
  1284 | D:2      | Reached skill level 7 in Stealth
  1284 | D:2      | Reached XP level 3. HP: 17/27 MP: 3/3
  1595 | D:2      | Reached XP level 4. HP: 26/33 MP: 4/4
  1735 | D:2      | Slain by a gnoll

Action                   |  1- 3 |  4- 6 || total
-------------------------+-------+-------++-------
Melee: Dagger            |    81 |    45 ||   126
 Fire: Blowgun           |    15 |       ||    15
  Use: Scroll            |     6 |       ||     6
       Potion            |       |     1 ||     1
 Stab: Sleeping          |    10 |       ||    10
       Distracted        |     1 |       ||     1
